 Dungeon Crawl Stone Soup version 0.19.0-11-g3fc08b3 (console) character file.

2027 Gottschkopf the Thaumaturge (level 9, -1/45 HPs)
             Began as a Deep Elf Conjurer on Nov 10, 2016.
             Was a Follower of Vehumet.
             Shot with a bolt by an orc warrior (11 damage)
             ... in a bailey.
             The game lasted 00:16:55 (6921 turns).

Gottschkopf the Thaumaturge (Deep Elf Conjurer)     Turns: 6921, Time: 00:16:56

Health: -1/45      AC:  6    Str:  5    XL:     9   Next: 3%
Magic:  26/26      EV: 13    Int: 24    God:    Vehumet [*.....]
Gold:   427        SH:  0    Dex: 19    Spells: 5 memorised, 14 levels left

rFire  . . .     SeeInvis .     h - +0 dagger (flame)
rCold  . . .     Gourm    .     a - +0 robe
rNeg   . . .     Faith    .     (no shield)
rPois  .         Spirit   .     (no helmet)
rElec  .         Reflect  .     (no cloak)
rCorr  .         Harm     .     C - +2 pair of gloves
MR     +....                    o - +0 pair of boots
Stlth  ++........               (no amulet)
                                e - +4 ring of dexterity
                                D - ring of protection from magic

@: no status effects
A: no striking features
a: Renounce Religion


You were in a bailey.
You worshipped Vehumet.
Vehumet was aware of your devotion.
You were not hungry.

You visited 2 branches of the dungeon, and saw 8 of its levels.
You also visited: Bailey.

You collected 427 gold pieces.

Inventory:

Hand Weapons
 d - a +0 blowgun
 h - a +0 dagger of flaming (weapon)
Missiles
 l - 9 poisoned needles
Armour
 a - a +0 robe (worn)
 o - a +0 pair of boots (worn)
 C - a +2 pair of gloves (worn)
Jewellery
 e - a +4 ring of dexterity (right hand)
 q - an uncursed ring of resist corrosion
 A - an uncursed ring of positive energy
 D - a ring of protection from magic (left hand)
 E - a +1 ring of evasion
Wands
 s - a wand of teleportation (7/9)
Scrolls
 k - a scroll of fog
 r - a scroll of blinking
 u - a scroll of teleportation {unknown}
 w - a scroll of acquirement {unknown}
 x - a scroll of remove curse
 y - a scroll of vulnerability
 B - 2 scrolls of recharging
Potions
 f - 4 potions of curing
 g - 2 potions of cure mutation
 i - a potion of agility {unknown}
 j - 3 potions of ambrosia
 m - a potion of heal wounds {unknown}
 n - a potion of berserk rage {unknown}
 v - 2 potions of degeneration {unknown}
Books
 b - a book of Conjurations

   Spells                             Type                      Level
   a - Magic Dart                     Conjuration                  1
   b - Searing Ray                    Conjuration                  2
   c - Dazzling Spray                 Conjuration/Hexes            3
   d - Fulminant Prism                Conjuration/Hexes            4
   e - Iskenderun's Mystic Blast      Conjuration                  4
   f - Iskenderun's Battlesphere      Conjuration/Charms           5
Comestibles
 c - 5 bread rations
 p - 9 fruits
 t - a beef jerky
 z - 2 chunks of flesh


   Skills:
 - Level 2.4 Dodging
 - Level 2.4 Stealth
 - Level 11.3 Spellcasting
 + Level 8.0 Conjurations
 - Level 7.7 Charms


You had 14 spell levels left.
You knew the following spells:

 Your Spells              Type           Power        Failure   Level  Hunger
a - Magic Dart            Conj           ####         1%          1    None
b - Searing Ray           Conj           ######       1%          2    None
c - Iskenderun's Mystic   Conj           ######..     1%          4    None
d - Fulminant Prism       Conj/Hex       ####......   12%         4    None
e - Iskenderun's Battles  Conj/Chrm      ######..     6%          5    ####...


Dungeon Overview and Level Annotations

Branches:
Dungeon (7/15)             Temple (1/1) D:5

Altars:
Ashenzari
Cheibriados
Dithmenos
Elyvilon
Fedhas
Gozag
Hepliaklqana
Kikubaaqudgha
Makhleb
Nemelex Xobeh
Okawaru
Qazlal
Ru
Trog
Uskayaw
Vehumet
Xom
Yredelemnul
Zin
The Shining One

Shops:
D:5 }


Message History

This raw flesh tastes terrible.
Your battlesphere wavers and loses cohesion.
You start resting.
Magic restored.
Casting: Iskenderun's Mystic Blast
Confirm with . or Enter, or press ? or * to list all spells.
You conjure a globe of magical energy.
You start resting.
Magic restored.
You open the gate. 4 orc warriors come into view.
The orc warrior shouts! x2
The orc warrior shoots a bolt.
The bolt hits you!!
Ouch! That really hurt!
* * * LOW HITPOINT WARNING * * *
Found a leatherbound manual.
Found a roughly hewn altar of Beogh.
Found two gates leading back out of this place.
An orc knight comes into view. It is wielding a trident.
You swap places.
The orc warrior shoots a bolt.
The bolt hits you!
You die...

.................................
.≈≈≈≈≈..............)..≈≈≈≈≈.....
≈≈#.#≈≈...............≈≈#.#≈≈....
≈##.##≈...............≈##.##≈....
≈..^..≈...............≈))^..≈....
≈##.##≈............)..≈##.##≈....
≈≈#)#≈≈....#######....≈≈#.#≈≈....
.≈≈≈≈≈.....##....##....≈≈≈≈≈.....
...........##..*@.##.............
...........##'''#..##............
..)....##..##o.∩##..#............
.......##.####o####.##...........
.......##.')#oo #)'.##...........
......)##.###.o ###.##(..........
.......##.')#:. #)'.##..((.......
.......##.#########.##.(.........
........#..##)#)##..#........)...


You could see an orc knight, 4 orc warriors and a friendly battlesphere.

Vanquished Creatures
  Sigmund (D:3)
  6 orc warriors
  2 centaurs
  The ghost of Gottschkopf the Magician, an amateur DECj of Vehumet (D:4)
  A bullfrog (D:6)
  A scorpion (D:7)
  A water moccasin skeleton (D:5)
  A howler monkey (D:4)
  An electric eel (D:6)
  A bullfrog zombie (D:6)
  2 crimson imps
  2 jellies (D:6)
  6 hounds
  An orc wizard (D:3)
  Jessica (D:3)
  An iguana (D:6)
  6 worker ants
  3 worker ant zombies
  11 adders
  3 shadow imps
  4 oozes
  7 worms
  A dart slug (D:2)
  5 leopard geckos
  25 orcs
  2 giant cockroaches
  11 goblins
  6 hobgoblins
  10 kobolds
  4 quokkas
  A ball python (D:1)
  3 bats (D:1)
  A frilled lizard (D:1)
  7 rats
139 creatures vanquished.

Vanquished Creatures (others)
  A fulminant prism (D:3)
1 creature vanquished.

Grand Total: 140 creatures vanquished

Notes
Turn   | Place    | Note
-------+----------+-------------------------------------------
     0 | D:1      | Gottschkopf the Deep Elf Conjurer began the quest for the Orb.
     0 | D:1      | Reached XP level 1. HP: 10/10 MP: 6/6
   175 | D:1      | Reached XP level 2. HP: 15/15 MP: 5/8
   179 | D:1      | Learned a level 2 spell: Searing Ray
   231 | D:1      | Reached skill level 4 in Spellcasting
   747 | D:2      | Found a shadowy altar of Dithmenos.
   750 | D:2      | Reached skill level 5 in Spellcasting
   750 | D:2      | Reached XP level 3. HP: 19/19 MP: 7/11
  1256 | D:2      | Found a sparkling altar of Nemelex Xobeh.
  1259 | D:2      | Reached XP level 4. HP: 24/24 MP: 11/13
  1265 | D:2      | Learned a level 4 spell: Iskenderun's Mystic Blast
  1270 | D:2      | Learned a level 4 spell: Fulminant Prism
  1282 | D:2      | Reached skill level 6 in Spellcasting
  1319 | D:2      | Found a burning altar of Makhleb.
  1596 | D:3      | Reached skill level 7 in Spellcasting
  1761 | D:3      | Noticed Jessica
  1763 | D:3      | Killed Jessica
  1763 | D:3      | Reached XP level 5. HP: 28/28 MP: 16/16
  2063 | D:3      | Noticed Sigmund
  2067 | D:3      | Killed Sigmund
  2067 | D:3      | Reached skill level 8 in Spellcasting
  2067 | D:3      | Reached XP level 6. HP: 26/32 MP: 4/19
  2084 | D:3      | Learned a level 5 spell: Iskenderun's Battlesphere
  2155 | D:3      | Reached skill level 1 in Charms
  2527 | D:4      | Noticed Gottschkopf's ghost (amateur DECj)
  2529 | D:4      | Killed Gottschkopf's ghost
  2904 | D:4      | Reached XP level 7. HP: 36/36 MP: 16/21
  3171 | D:4      | Reached skill level 5 in Charms
  3306 | D:5      | Entered Level 5 of the Dungeon
  3427 | D:5      | Found a staircase to the Ecumenical Temple.
  3432 | Temple   | Entered the Ecumenical Temple
  3481 | Temple   | Became a worshipper of Vehumet
  3617 | D:5      | Found a snail-covered altar of Cheibriados.
  3621 | D:5      | Found a shattered altar of Ashenzari.
  3624 | D:5      | Found an iron altar of Okawaru.
  3624 | D:5      | Found a sacrificial altar of Ru.
  3711 | D:5      | Found Gumicoun's Gadget Boutique.
  3941 | D:5      | Reached skill level 5 in Conjurations
  4622 | D:5      | Reached XP level 8. HP: 25/41 MP: 13/22
  5018 | D:6      | Reached skill level 9 in Spellcasting
  5457 | D:6      | Reached skill level 10 in Spellcasting
  5582 | D:6      | Found a hazy altar of Hepliaklqana.
  6047 | D:7      | Noticed a hippogriff
  6059 | D:7      | Found a flagged portal.
  6062 | D:7      | Reached * piety under Vehumet
  6062 | D:7      | Offered knowledge of Sting by Vehumet.
  6090 | Bailey   | Entered a bailey
  6301 | Bailey   | Reached skill level 11 in Spellcasting
  6828 | Bailey   | Reached XP level 9. HP: 45/45 MP: 12/26
  6920 | Bailey   | Found a roughly hewn altar of Beogh.
  6921 | Bailey   | Noticed an orc knight
  6921 | Bailey   | Shot with a bolt by an orc warrior

Skill      XL: |  1  2  3  4  5  6  7  8 |
---------------+-------------------------+-----
Spellcasting   | 5 7 8 11 | 11.3
Charms         | 4 7 |  7.7
Conjurations   | 6 8 |  8.0
Dodging        | |  2.4
Stealth        | |  2.4

Action                   |  1- 3 |  4- 6 |  7- 9 || total
-------------------------+-------+-------+-------++-------
Melee: Dagger            |     7 |     1 |     3 ||    11
 Cast: Magic Dart        |    69 |    81 |   188 ||   338
       Searing Ray       |     1 |     2 |     1 ||     4
       Iskenderun's Myst |       |     4 |    18 ||    22
       Fulminant Prism   |       |     1 |       ||     1
       Iskenderun's Batt |       |       |    17 ||    17
  Use: Scroll            |       |     5 |     8 ||    13
 Stab: Sleeping          |       |     1 |     3 ||     4
  Eat: Chunk             |     1 |     5 |     9 ||    15
       Meat ration       |       |       |     1 ||     1
       Beef jerky        |       |       |     1 ||     1
Armor: Robe              |     1 |       |     7 ||     8
Dodge: Dodged            |     9 |     6 |    37 ||    52
